 Dungeon Crawl Stone Soup version 0.17-a0-737-gf0a300a (webtiles) character file.

391 Ngotmuk the Skirmisher (level 6, 0/58 HPs)
             Began as a Naga Fighter on Apr 21, 2015.
             Slain by a phantom (6 damage)
             ... on level 5 of the Dungeon.
             The game lasted 00:16:02 (3210 turns).

Ngotmuk the Skirmisher (Naga Fighter)               Turns: 3210, Time: 00:16:02

Health: 0/58       AC:  9    Str: 21    XL:     6   Next: 80%
Magic:  6/6        EV:  5    Int:  8    God:
Gold:   211        SH:  9    Dex: 10    Spells: 0 memorised, 5 levels left

rFire  . . .     SeeInvis +     a - +0 long sword
rCold  . . .     Clarity  .     b - +0 scale mail
rNeg   . . .     SustAb   .     c - +0 shield
rPois  +         Gourm    .     p - +1 helmet
rElec  .         Spirit   .     x - +0 cloak
rCorr  +         Warding  .     (no gloves)
rMut   .         Stasis   .     (no barding)
MR     .....                    r - amulet of resist corrosion
Stlth  ..........               (no ring)
                                t - ring of flight

@: very slow, not resistant to hostile enchantments, extremely unstealthy
A: see invisible, deformed body, poison resistance, slowness 2, slow metabolism
1, spit poison 2, AC +2
a: Spit Poison, Evoke Flight


You were on level 5 of the Dungeon.
You were not hungry.

You visited 1 branch of the dungeon, and saw 5 of its levels.

You collected 211 gold pieces.

Inventory:

Hand weapons
 a - a +0 long sword (weapon)
Armour
 b - a +0 scale mail (worn)
 c - a +0 shield (worn)
 p - a +1 helmet (worn)
 x - a +0 cloak (worn)
Jewellery
 r - an amulet of resist corrosion (around neck)
 t - a ring of flight (left hand)
Scrolls
 h - 2 scrolls of magic mapping
 k - a scroll of random uselessness {unknown}
 l - 2 scrolls of enchant weapon {unknown}
 m - 3 scrolls of teleportation {unknown}
 n - 3 scrolls of identify {unknown}
 q - a scroll of amnesia {unknown}
 s - 3 scrolls of remove curse
 v - a scroll of fear {unknown}
Potions
 d - a potion of might
 f - 7 potions of curing {unknown}
 g - a potion of heal wounds {unknown}
 i - a potion of flight {unknown}
 j - a potion of mutation {unknown}
 u - a potion of invisibility {unknown}
 w - 3 potions of magic {unknown}
 A - a potion of cure mutation {unknown}
Comestibles
 e - 3 bread rations
 o - 2 meat rations


   Skills:
 + Level 4.3 Fighting
 + Level 4.1 Long Blades
 + Level 3.6 Armour
 + Level 3.5 Shields


You had 5 spell levels left.
You didn't know any spells.

Dungeon Overview and Level Annotations

Branches:
Dungeon (5/15)
 Temple: D:4-7

Altars:
Ashenzari
Gozag
Makhleb
Ru
Trog
Zin


Innate Abilities, Weirdness & Mutations

You cannot wear boots.
Your serpentine skin is tough (AC +2).
You have supernaturally acute eyesight.
Armour fits poorly on your strangely shaped body.
Your system is resistant to poisons.
You cover ground very slowly.
You have a slow metabolism.
You can spit poison.


Message History

You block the phantom's attack.
You slash the phantom!
The phantom is heavily damaged.
The phantom hits you.
* * * LOW HITPOINT WARNING * * *
The phantom blinks!
The phantom hits you.
* * * LOW HITPOINT WARNING * * *
You hit the phantom.
The phantom is severely damaged.
The phantom hits you but does no damage.
You miss the phantom.
The phantom is severely damaged.
The phantom hits you but does no damage.
You hit the phantom.
The phantom is severely damaged.
The phantom hits you!
* * * LOW HITPOINT WARNING * * *
The phantom hits you.
You die...

### ##.# ##..##
##....# #.....#
##...(# ###.##
#########.#
##....#@...#
#........W###
...=.....##
...........##
..........>.#
............##
.............#
.............##
.........)...#


You could see a phantom.

Vanquished Creatures
  The ghost of Virusyak the Insei, an average OpTm (D:3)
  2 hounds (D:4)
  An orc priest (D:5)
  2 orc wizards (D:4)
  Terence (D:3)
  A hound skeleton (D:4)
  A gnoll (D:1)
  2 adders (D:3)
  An ooze (D:3)
  3 worms (D:3)
  A giant gecko (D:3)
  5 orcs
  3 ball pythons
  A bat skeleton (D:4)
  6 giant cockroaches
  7 hobgoblins
  16 jackals
  A quokka (D:4)
  9 bats
  2 giant newts (D:4)
  6 goblins
  12 kobolds
  11 rats
95 creatures vanquished.

Notes
Turn   | Place    | Note
--------------------------------------------------------------
     0 | D:1      | Ngotmuk, the Naga Fighter, began the quest for the Orb.
     0 | D:1      | Reached XP level 1. HP: 21/21 MP: 1/1
    99 | D:1      | Reached XP level 2. HP: 20/28 MP: 2/2
   382 | D:2      | Reached XP level 3. HP: 23/34 MP: 3/3
  1051 | D:3      | Noticed Terence
  1060 | D:3      | Killed Terence
  1060 | D:3      | Reached XP level 4. HP: 36/43 MP: 4/4
  1241 | D:3      | Found a bloodstained altar of Trog.
  1264 | D:3      | Found a glowing silver altar of Zin.
  1486 | D:3      | Reached XP level 5. HP: 45/50 MP: 5/5
  1675 | D:3      | Noticed Virusyak's ghost (average OpTm)
  1685 | D:3      | Killed Virusyak's ghost
  1685 | D:3      | Reached skill level 4 in Fighting
  1763 | D:4      | Found a sacrificial altar of Ru.
  1889 | D:4      | Reached XP level 6. HP: 49/57 MP: 6/6
  1919 | D:4      | Found a shattered altar of Ashenzari.
  2552 | D:5      | Entered Level 5 of the Dungeon
  2564 | D:5      | Found an opulent altar of Gozag.
  3104 | D:5      | Found a burning altar of Makhleb.
  3104 | D:5      | Noticed an Executioner
  3107 | D:5      | Noticed a smoke demon
  3107 | D:5      | Noticed a smoke demon
  3210 | D:5      | Slain by a phantom

Action                   |  1- 3 |  4- 6 || total
-------------------------+-------+-------++-------
Melee: Long sword        |    93 |   250 ||   343
 Abil: Spit Poison       |     2 |     3 ||     5
  Use: Scroll            |     2 |       ||     2
  Eat: Beef jerky        |       |     2 ||     2
       Bread ration      |       |     1 ||     1
